 Dungeon Crawl Stone Soup version 0.30.1-11-g7821555f0a (webtiles) character file.

Game seed: 1272275068245023006

88 ChrisAssaf the Chopper (level 4, -1/52 (57) HPs)
             Began as a Gnoll Reaver on Nov 12, 2023.
             Killed by divine providence
             ... invoked by an orc priest
              (16 damage)
             ... on level 3 of the Dungeon.
             The game lasted 00:02:26 (438 turns).

ChrisAssaf the Chopper (Gnoll Reaver)                Turns: 438, Time: 00:02:28

HP:   -1/52 (57)    AC: 22    Str: 17    XL:     4   Next: 53%
MP:   11/11         EV:  2    Int: 14    God:
Gold: 33            SH:  0    Dex: 11    Spells: 7/13 levels left

rFire   . . .        a - +0 hand axe
rCold   . . .        (no shield)
rNeg    . . .        b - melded +0 leather armour
rPois   +            (helmet currently unavailable)
rElec   .            (cloak currently unavailable)
rCorr   .            (gloves currently unavailable)
SInv    .            (boots currently unavailable)
Will    .....        (no amulet)
Stlth   ++           h - +6 ring of strength
HPRegen 0.28/turn    (no ring)
MPRegen 0.12/turn

%: no passive effects
@: tree-form, drained
A: stationary, stasis, torment immunity, boosted hp, (fangs 1), strong nose,
distributed training
a: no special abilities


You were on level 3 of the Dungeon.
You were a tree.
You visited 1 branch of the dungeon, and saw 3 of its levels.

You collected 33 gold pieces.

Inventory:

Hand Weapons
 a - a +0 hand axe (weapon)
Armour
 b - a +0 leather armour (melded)
Jewellery
 h - a +6 ring of strength (left branch)
Scrolls
 c - a scroll of poison {unknown}
 d - a scroll of vulnerability {unknown}
 g - a scroll of silence {unknown}
Potions
 e - a potion of magic {unknown}


   Skills:
 + Level 4.7 Fighting
 + Level 1.2 Short Blades
 + Level 1.2 Long Blades
 + Level 6.6 Axes
 + Level 1.2 Maces & Flails
 + Level 1.2 Polearms
 + Level 1.2 Staves
 + Level 1.2 Ranged Weapons
 + Level 1.2 Throwing
 + Level 1.2 Armour
 + Level 4.7 Dodging
 + Level 1.2 Stealth
 + Level 1.2 Shields
 + Level 1.2 Unarmed Combat
 + Level 5.1 Spellcasting
 + Level 5.5 Conjurations
 + Level 1.0 Hexes
 + Level 1.0 Summonings
 + Level 1.0 Necromancy
 + Level 1.0 Translocations
 + Level 1.0 Transmutations
 + Level 1.0 Fire Magic
 + Level 1.0 Ice Magic
 + Level 1.0 Air Magic
 + Level 1.0 Earth Magic
 + Level 1.0 Poison Magic
 + Level 1.3 Invocations
 + Level 1.2 Evocations


You had 7 spell levels left.
You knew the following spells:

 Your Spells              Type           Power      Damage    Failure   Level
a - Kiss of Death         Conj/Necr      48%        2d9       4%          1
b - Momentum Strike       Conj/Tloc      24%        3d8       7%          2
c - Hailstorm             Conj/Ice       12%        3d5       14%         3

Your spell library contained the following spells:

 Spells                   Type           Power      Damage    Failure   Level


Dungeon Overview and Level Annotations

Branches:
Dungeon (3/15)

Altars:


Innate Abilities, Weirdness & Mutations

You are a tree.
Your roots penetrate the ground, keeping you stationary.
You cannot be teleported.
You are immune to unholy pain and torment.
Your maximum health is greatly increased.
Your equipment is partially melded.
((You have very sharp teeth.))
Your uncanny sense of smell can sniff out nearby items.
Your experience applies equally to all skills.


Message History

Your Necromancy skill increases to level 1!
Your Translocations skill increases to level 1!
Your Transmutations skill increases to level 1!
Your Fire Magic skill increases to level 1!
Your Ice Magic skill increases to level 1!
Your Air Magic skill increases to level 1!
Your Earth Magic skill increases to level 1!
Your Poison Magic skill increases to level 1!
An orc comes into view. It is wielding a +0 hand axe.
Things that are here:
a +0 short sword; a +0 leather armour; an orc corpse An orc comes into view.
It is wielding a +0 dagger.
An orc comes into view. It is wielding a +0 club.
An orc priest comes into view. It is wielding a +0 short sword.
The orc completely misses you.
The orc priest moves out of view.
You hit the orc.
The orc is almost dead.
The orc barely misses you.
An orc comes into view. It is wielding a +0 club.
An orc priest comes into view. It is wielding a +0 club.
The orc priest shouts!
The orc shouts!
The orc priest shouts!
You hit the orc.
You kill the orc!
You hit the orc but do no damage. The orc hits you with a +0 dagger.
You barely miss the orc. You bite the orc.
The orc is moderately wounded.
The orc priest calls down the wrath of Beogh upon you.
Beogh smites you! The orc hits you with a +0 dagger.
You hit the orc.
The orc is heavily wounded.
The orc hits you with a +0 dagger.
* * * LOW HITPOINT WARNING * * *
Okay, then.
It was a potion of lignification.
You turn into a tree.
Your +0 leather armour melds into your body.
Your roots penetrate the ground.
The orc completely misses you. The orc hits you but does no damage.
The orc priest invokes the aid of Beogh against you.
Beogh smites you!
You die...

. ∆ .. ... ###o.
.####### ... ..
.......##.##....
######.♣o)o.....
##.<..)..o##.....
#..######## ...
#...## . #..[##
.... .##


You could see an orc priest and 3 orcs.

Vanquished Creatures
  An orc priest (D:3)
  Jessica (D:3)
  An adder (D:2)
  An orc (D:3)
  A ball python (D:2)
  2 endoplasms
  3 goblins
  A hobgoblin (D:1)
  2 quokkas (D:2)
  2 bats (D:2)
  3 frilled lizards
  3 kobolds
  2 rats
23 creatures vanquished.

Notes
Turn   | Place    | Note
-------+----------+-------------------------------------------
     0 | D:1      | ChrisAssaf the Gnoll Reaver began the quest for the Orb.
     0 | D:1      | Reached XP level 1. HP: 20/20 MP: 6/6
   118 | D:1      | Reached XP level 2. HP: 26/26 MP: 7/7
   121 | D:1      | Learned a level 2 spell: Momentum Strike
   273 | D:2      | Reached skill level 5 in Spellcasting
   273 | D:2      | Reached XP level 3. HP: 28/30 MP: 5/9
   277 | D:2      | Learned a level 3 spell: Hailstorm
   300 | D:3      | Noticed Jessica
   302 | D:3      | Killed Jessica
   303 | D:3      | Reached skill level 1 in Short Blades
   303 | D:3      | Reached skill level 1 in Long Blades
   303 | D:3      | Reached skill level 1 in Maces & Flails
   303 | D:3      | Reached skill level 1 in Polearms
   303 | D:3      | Reached skill level 1 in Staves
   303 | D:3      | Reached skill level 1 in Ranged Weapons
   303 | D:3      | Reached skill level 1 in Throwing
   303 | D:3      | Reached skill level 1 in Armour
   303 | D:3      | Reached skill level 1 in Stealth
   303 | D:3      | Reached skill level 1 in Shields
   303 | D:3      | Reached skill level 1 in Unarmed Combat
   303 | D:3      | Reached skill level 1 in Invocations
   303 | D:3      | Reached skill level 1 in Evocations
   362 | D:2      | Reached XP level 4. HP: 33/38 MP: 8/11
   428 | D:3      | Reached skill level 1 in Hexes
   428 | D:3      | Reached skill level 1 in Summonings
   428 | D:3      | Reached skill level 1 in Necromancy
   428 | D:3      | Reached skill level 1 in Translocations
   428 | D:3      | Reached skill level 1 in Transmutations
   428 | D:3      | Reached skill level 1 in Fire Magic
   428 | D:3      | Reached skill level 1 in Ice Magic
   428 | D:3      | Reached skill level 1 in Air Magic
   428 | D:3      | Reached skill level 1 in Earth Magic
   428 | D:3      | Reached skill level 1 in Poison Magic
   438 | D:3      | Killed from afar by an orc priest

Illustrated notes

Levels and vault maps discovered:
D:1:      minmay_arrival_checkered_box, layout_basic, minmay_misc_feat_doors
D:2:      layout_basic
D:3:      layout_rooms, mainiacjoe_overflow_alcove_1, makhleb_altar_promises_db,
          lightli_corner_chamber, uniq_jessica

Skill      XL: |  1  2  3  4 |
---------------+-------------+-----
Spellcasting   | 5 |  5.1
Short Blades   | 1 |  1.2
Long Blades    | 1 |  1.2
Maces & Flails | 1 |  1.2
Polearms       | 1 |  1.2
Staves         | 1 |  1.2
Ranged Weapons | 1 |  1.2
Throwing       | 1 |  1.2
Armour         | 1 |  1.2
Stealth        | 1 |  1.2
Shields        | 1 |  1.2
Unarmed Combat | 1 |  1.2
Invocations    | 1 |  1.3
Evocations     | 1 |  1.2
Hexes          | 1 |  1.0
Summonings     | 1 |  1.0
Necromancy     | 1 |  1.0
Translocations | 1 |  1.0
Transmutations | 1 |  1.0
Fire Magic     | 1 |  1.0
Ice Magic      | 1 |  1.0
Air Magic      | 1 |  1.0
Earth Magic    | 1 |  1.0
Poison Magic   | 1 |  1.0
Fighting       | |  4.7
Axes           | |  6.6
Dodging        | |  4.7
Conjurations   | |  5.5

Action                     |  1- 3 |  4- 6 || total
---------------------------+-------+-------++-------
  Melee: Hand axe          |    45 |     6 ||    51
         Bite              |     4 |     2 ||     6
   Cast: Momentum Strike   |     3 |       ||     3
         Kiss of Death     |     1 |     1 ||     2
    Use: Potion            |       |     1 ||     1
 Armour: Leather armour    |     8 |       ||     8
         Skin              |       |     1 ||     1
  Dodge: Dodged            |    36 |     4 ||    40
